 Dungeon Crawl Stone Soup version 0.30.0-19-g36f170ea60 (webtiles) character file.

Game seed: 16328815780586742881

2808 Irreverend the Cleaver (level 9, -2/78 (81) HPs)
             Began as a Hill Orc Monk on May 27, 2023.
             Succumbed to a hornet's poison
             ... on level 8 of the Dungeon.
             The game lasted 00:08:53 (7507 turns).

Irreverend the Cleaver (Hill Orc Monk)              Turns: 7507, Time: 00:08:54

HP:   -2/78 (81)    AC:  7    Str: 18    XL:     9   Next: 72%
MP:   9/9           EV: 13    Int: 10    God:
Gold: 411           SH:  0    Dex: 13    Spells: 8/8 levels left

rFire   + . .        x - +0 war axe
rCold   . . .        d - orb {light}
rNeg    . . .        s - +2 leather armour {rF+}
rPois   .            j - +2 hat
rElec   .            (no cloak)
rCorr   .            (no gloves)
SInv    +            (no boots)
Will    .....        (no amulet)
Stlth   +            k - ring of see invisible
HPRegen 0.33/turn    p - ring of flight
MPRegen 0.11/turn

%: no passive effects
@: lethally poisoned (-2 -> -15), attractive, flying, slowed, glowing, lightly
drained, very slow
A: no striking features
a: no special abilities


You were on level 8 of the Dungeon.
You visited 1 branch of the dungeon, and saw 8 of its levels.

You collected 411 gold pieces.

Inventory:

Hand Weapons
 a - a +0 hand axe
 x - a +0 war axe (weapon)
Armour
 b - a +0 robe
 d - an orb of light (worn)
 e - a +0 helmet
 j - a +2 hat (worn)
 s - a +2 leather armour of fire resistance (worn)
Jewellery
 k - a ring of see invisible (left hand)
 p - a ring of flight (right hand)
 v - a ring of wizardry
 y - a ring of fire
 C - a ring of wizardry
 D - a ring of poison resistance
 H - a ring of fire
Wands
 r - a wand of roots (7)
 t - a wand of acid (7)
Scrolls
 f - 5 scrolls of identify {unknown}
 l - 3 scrolls of teleportation {unknown}
 q - a scroll of fear {unknown}
 u - 3 scrolls of immolation {unknown}
 w - a scroll of brand weapon {unknown}
 z - a scroll of torment {unknown}
 E - 2 scrolls of silence {unknown}
 I - a scroll of blinking {unknown}
 J - a scroll of enchant armour {unknown}
Potions
 c - 3 potions of ambrosia
 g - 3 potions of flight {unknown}
 h - 3 potions of curing {unknown}
 i - 3 potions of brilliance {unknown}
 m - a potion of resistance {unknown}
 n - 4 potions of degeneration {unknown}
 o - 4 potions of attraction
 A - a potion of heal wounds {unknown}
 B - 2 potions of haste {unknown}
 F - a potion of might {unknown}
 G - a potion of magic {unknown}


   Skills:
 + Level 7.9 Fighting
 * Level 11.5 Axes
 + Level 6.2 Armour
 + Level 5.4 Dodging


You had 8 spell levels left.
You didn't know any spells.
Your spell library contained the following spells:

 Spells                   Type           Power      Damage    Failure   Level
 Blink                    Tloc           0%         N/A       54%         2
 Lesser Beckoning         Tloc           0%         N/A       54%         2
 Momentum Strike          Conj/Tloc      0%         3d8       54%         2


Dungeon Overview and Level Annotations

Branches:
Dungeon (8/15)             Temple (0/1) D:4
   Lair: D:8-11

Altars:
Kikubaaqudgha

Shops:
D:3 :   D:4 ?


Message History

The hornet stings you.
You are poisoned.
You shrug off the repeated paralysis!
The wight hits you with a +0 morningstar!
The hornet stings you!
You feel as though you will be slow longer.
You feel very sick. The wight completely misses you.
The hornet stings you but does no damage.
You can move again.
You feel yourself speed up.
You feel very sick. The hornet stings you.
You feel yourself slow down.
The hornet stings you but does no damage.
You hit the hornet.
The hornet is moderately wounded.
You feel yourself speed up.
You feel very sick.
The hornet stings you but does no damage.
You hit the hornet.
The hornet is heavily wounded.
You feel sick.
The hornet stings you but does no damage.
The hornet stings you.
* * * LOW HITPOINT WARNING * * *
You feel yourself slow down.
You slash the hornet!
The hornet is severely wounded.
You feel sick. The hornet misses you. The hornet stings you!
* * * LOW HITPOINT WARNING * * *
You feel as though you will be slow longer.
You hit the hornet but do no damage.
The hornet is severely wounded.
You feel sick. The hornet barely misses you. The hornet stings you.
* * * LOW HITPOINT WARNING * * *
You are lethally poisoned!
You feel as though you will be slow longer.
It was a potion of attraction.
You feel attractive to monsters.
You die...

#.......|#
#........####
..............#
≈.......†.)...#
≈≈............#
~~............##
≈≈.............#
≈...##.####.##.#.###
........@yz$.......
############.#.>..
#####


You could see a hornet and a wight.

Vanquished Creatures
  Prince Ribbit (D:7)
  Eustachio (D:4)
  Menkaure (D:5)
  An orc warrior (D:7)
  An ice beast (D:7)
  A sky beast (D:8)
  3 ogres
  A black bear (D:6)
  A centaur (D:7)
  A phantom (D:4)
  Blork the orc (D:5)
  2 bullfrogs
  6 scorpions
  8 wights
  5 hounds
  A gnoll bouda (D:7)
  3 sleepcaps
  Jessica (D:2)
  Natasha (thrice) (D:3)
  Robin (D:3)
  9 gnolls
  5 adders
  A shadow imp (D:6)
  A white imp (D:8)
  An ufetubus (D:4)
  4 worms
  4 dart slugs
  4 orcs
  9 endoplasms
  2 giant cockroaches
  21 goblins
  9 hobgoblins
  4 quokkas
  5 ball pythons
  6 bats
  3 frilled lizards
  5 kobolds
  5 rats
141 creatures vanquished.

Notes
Turn   | Place    | Note
-------+----------+-------------------------------------------
     0 | D:1      | Irreverend the Hill Orc Monk began the quest for the Orb.
     0 | D:1      | Reached XP level 1. HP: 19/19 MP: 1/1
   122 | D:1      | Reached XP level 2. HP: 27/27 MP: 2/2
   593 | D:1      | Reached skill level 1 in Armour
   674 | D:1      | Reached XP level 3. HP: 28/33 MP: 3/3
  1054 | D:2      | Noticed Jessica
  1064 | D:2      | Killed Jessica
  1065 | D:2      | Reached skill level 5 in Axes
  1065 | D:2      | Reached XP level 4. HP: 26/40 MP: 4/4
  1815 | D:3      | Noticed a scorpion
  1823 | D:3      | Killed a scorpion
  1824 | D:3      | Reached XP level 5. HP: 26/47 MP: 5/5
  1923 | D:3      | Found Jakunaps's Book Shoppe.
  1963 | D:3      | Found a faded altar of an unknown god.
  1965 | D:3      | Noticed Robin
  1985 | D:3      | Killed Robin
  1986 | D:3      | Reached skill level 6 in Axes
  2244 | D:3      | Found an ancient bone altar of Kikubaaqudgha.
  2339 | D:3      | Reached XP level 6. HP: 48/53 MP: 6/6
  2363 | D:3      | Noticed Natasha
  2372 | D:3      | Killed Natasha
  2389 | D:3      | Noticed Natasha
  2402 | D:3      | Killed Natasha
  2420 | D:3      | Noticed Natasha
  2438 | D:3      | Killed Natasha
  2552 | D:3      | Reached skill level 5 in Fighting
  2937 | D:4      | Found a staircase to the Ecumenical Temple.
  2938 | D:4      | Found Ciakuddus's Magic Scroll Shoppe.
  3090 | D:4      | Noticed Eustachio
  3102 | D:4      | Killed Eustachio
  3103 | D:4      | Reached skill level 7 in Axes
  3103 | D:4      | Reached XP level 7. HP: 61/61 MP: 7/7
  3533 | D:4      | Reached skill level 8 in Axes
  3788 | D:5      | Entered Level 5 of the Dungeon
  3793 | D:5      | Noticed Blork the orc
  3802 | D:5      | Killed Blork the orc
  3803 | D:5      | Reached XP level 8. HP: 60/70 MP: 8/8
  4150 | D:5      | Noticed Menkaure
  4162 | D:5      | Killed Menkaure
  4163 | D:5      | Reached skill level 9 in Axes
  5212 | D:6      | Reached skill level 5 in Armour
  5301 | D:6      | Reached skill level 10 in Axes
  5301 | D:6      | Reached XP level 9. HP: 27/73 MP: 9/9
  5984 | D:7      | Reached skill level 5 in Dodging
  6234 | D:7      | Noticed Prince Ribbit
  6246 | D:7      | Killed Prince Ribbit
  6250 | D:7      | Reached skill level 11 in Axes
  7493 | D:8      | Noticed a hornet
  7498 | D:8      | Paralysed by a hornet for 3 turns
  7506 | D:8      | HP: 3/78 [hornet (2)]
  7507 | D:8      | Succumbed to a hornet's poison

Illustrated notes

Levels and vault maps discovered:
D:1:      lemuel_arrival_river_bridge, layout_basic
D:2:      layout_loops_ring, feat_on_display, uniq_jessica
D:3:      layout_rooms, amcnicky_altar_gilded,
          shapermc_ecumenical_altar_mp_highgroup, serial_shops, shop,
          dreamdust_wishing_well, minmay_strange_pillars,
          minmay_fractal_squares_5, uniq_robin, uniq_natasha
D:4:      layout_rooms, minmay_temple_entry_overgrown, serial_shops, shop,
          minmay_increasing_density, uniq_eustachio
D:5:      layout_basic, uniq_blork_the_orc, uniq_menkaure
D:6:      layout_loops_ring, chequers_avenue
D:7:      layout_basic, centaur_isle, uniq_prince_ribbit1
D:8:      layout_basic, elyvilon_altar_3, serial_shops, shop, enter_bailey_8,
          minmay_misc_feat_roman, chequers_serial_rivers_marsh, uniq_erica

Skill      XL: |  1  2  3  4  5  6  7  8  9 |
---------------+----------------------------+-----
Armour         | 1 2 3 4 5 6 |  6.2
Fighting       | 4 5 6 7 |  7.9
Axes           | 5 6 7 8 10 11 | 11.5
Dodging        | 3 4 5 |  5.4

Action                     |  1- 3 |  4- 6 |  7- 9 || total
---------------------------+-------+-------+-------++-------
  Melee: Hand axe          |    79 |   174 |    87 ||   340
         War axe           |       |       |   191 ||   191
  Evoke: Wand              |       |     3 |       ||     3
    Use: Potion            |       |       |     1 ||     1
 Armour: Robe              |    22 |     9 |       ||    31
         Leather armour    |       |    28 |    69 ||    97
  Dodge: Dodged            |    49 |   102 |   167 ||   318
